 Dungeon Crawl Stone Soup version 0.29.1-1-gd02db6906a (webtiles) character file.

Game seed: 18012111282715470012

273 concernfroge the Trooper (level 6, -7/53 HPs)
             Began as a Mummy Monk on Sept 18, 2022.
             Was an Initiate of Gozag.
             Mangled by an iguana (10 damage)
             ... on level 4 of the Dungeon.
             The game lasted 00:05:52 (3100 turns).

concernfroge the Trooper (Mummy Monk)               Turns: 3100, Time: 00:05:53

Health: -7/53      AC:  5    Str: 16    XL:     6   Next: 3%
Magic:  6/6        EV: 11    Int: 10    God:    Gozag
Gold:   149        SH:  0    Dex: 14    Spells: 5/5 levels left

rFire   x . .      SeeInvis .   k - +0 shortbow
rCold   + . .      Faith    .   (shield currently unavailable)
rNeg    + + +      Spirit   .   i - +0 ring mail
rPois   ∞          Reflect  .   (no helmet)
rElec   .          Harm     .   (no cloak)
rCorr   .          Rampage  .   (no gloves)
Will    .....                   (no boots)
Stlth   +.........              (no amulet)
HPRegen 0.17/turn               (no ring)
MPRegen 0.10/turn               (no ring)

@: no status effects
A: cold resistance 1, negative energy resistance 3, torment resistance 2, heat
vulnerability 1, in touch with death 1, no potions
a: Renounce Religion, Potion Petition, Call Merchant, Bribe Branch


You were on level 4 of the Dungeon.
You worshipped Gozag.
Gozag was aware of your devotion.
You visited 2 branches of the dungeon, and saw 5 of its levels.

You collected 149 gold pieces.

Inventory:

Hand Weapons
 k - a +0 shortbow (weapon)
Armour
 i - a +0 ring mail (worn)
Scrolls
 a - a scroll of vulnerability
 b - a scroll of fear {unknown}
 c - a scroll of teleportation
 d - a scroll of blinking {unknown}
 e - a scroll of enchant armour {unknown}
 f - 4 scrolls of identify
 g - a scroll of summoning {unknown}
 h - a scroll of fog {unknown}
 l - a scroll of immolation {unknown}


   Skills:
 + Level 6.8 Fighting
 - Level 2.4 Polearms
 - Level 2.4 Dodging
 - Level 1.5 Stealth


You had 5 spell levels left.
You didn't know any spells.
Your spell library contained the following spells:

 Spells                   Type           Power      Damage    Failure   Level
 Blink                    Tloc           0%         N/A       73%         2
 Gell's Gravitas          Tloc           0%         N/A       91%         3
 Lesser Beckoning         Tloc           0%         N/A       91%         3
 Teleport Other           Tloc           0%         N/A       91%         3
 Manifold Assault         Tloc           0%         N/A       100%        5
 Summon Hydra             Summ           0%         N/A       100%        7
 Sublimation of Blood     Necr           Unusable   N/A       N/A         2
 Wereblood                Tmut           Unusable   N/A       N/A         2

Dungeon Overview and Level Annotations

Branches:
Dungeon (4/15)             Temple (1/1) D:4

Altars:
Cheibriados
Dithmenos
Fedhas
Gozag
Hepliaklqana
Makhleb
Nemelex Xobeh
Okawaru
Qazlal
Ru
Sif Muna
Vehumet
Wu Jian
Xom
Yredelemnul

Annotations:
D:3 Sigmund


Innate Abilities, Weirdness & Mutations

You are immune to poison.
Your flesh is cold resistant. (rC+)
You are immune to negative energy. (rN+++)
You are immune to unholy pain and torment.
You are vulnerable to heat. (rF-)
You are in touch with the powers of death.
You do not drink.


Message History

The iguana is moderately wounded.
The iguana closely misses you. x2
You shoot an arrow. The arrow hits the iguana.
The iguana is severely wounded.
The iguana bites you! x2
You shoot an arrow. The arrow hits the iguana.
The iguana is severely wounded.
The iguana closely misses you.
You shoot an arrow. The arrow closely misses the iguana.
The iguana barely misses you. The iguana bites you.
You shoot an arrow. The arrow hits the iguana.
The iguana is almost dead.
The iguana bites you.
You are too injured to fight recklessly!
You are too injured to fight recklessly!
You are too injured to fight recklessly!
Fire: k) +0 shortbow
Press: ? - help, Q - select action, (/) - cycle Shift-Dir - straight line, f/p - iguana
Aim: an iguana (almost dead, 65% to hit)
You shoot an arrow. The arrow completely misses the iguana.
The iguana bites you! The iguana bites you.
Fire: k) +0 shortbow
Press: ? - help, Q - select action, (/) - cycle Shift-Dir - straight line, f/p - iguana
Aim: an iguana (almost dead, 65% to hit)
You shoot an arrow.
The arrow hits the iguana but does no damage.
The iguana is almost dead.
The iguana bites you!
* * * LOW HITPOINT WARNING * * *
The iguana bites you.
* * * LOW HITPOINT WARNING * * *
Fire: k) +0 shortbow
Press: ? - help, Q - select action, (/) - cycle Shift-Dir - straight line, f/p - iguana
Aim: an iguana (almost dead, 65% to hit)
You shoot an arrow.
The arrow hits the iguana but does no damage.
The iguana is almost dead.
The iguana bites you!
You die...
Your body crumbles into a pile of gold.

#########...#.⌠.#.⌠...⌠.#
# #...#...#...#...# #
#...############# #
#...). # #...... ##
#.###### .########.#
##### ..........# #.."#
.###############@#.#
.:.............l.#.#
...................#
#....###############
#.##.....# #.######.##
#.# #..# #.# ##.## #.#
#.# #..# #.#.#


You could see an iguana.

Vanquished Creatures
  A phantom (D:4)
  A scorpion (D:4)
  A hound (D:4)
  A gnoll (D:3)
  5 adders
  A dart slug (D:1)
  2 orcs (D:4)
  5 ball pythons
  7 bats
  5 endoplasms
  3 giant cockroaches
  5 goblins
  3 hobgoblins
  A jackal (D:1)
  2 quokkas (D:1)
  3 frilled lizards
  5 kobolds
  5 rats
56 creatures vanquished.

Notes
Turn   | Place    | Note
-------+----------+-------------------------------------------
     0 | D:1      | concernfroge the Mummy Monk began the quest for the Orb.
     0 | D:1      | Reached XP level 1. HP: 18/18 MP: 1/1
   235 | D:1      | Reached XP level 2. HP: 18/24 MP: 2/2
   583 | D:1      | Reached skill level 4 in Fighting
   713 | D:1      | Gained mutation: You are in touch with the powers of death.
                  | [Mummy growth]
   713 | D:1      | Reached XP level 3. HP: 30/30 MP: 3/3
   720 | D:1      | Found a faded altar of an unknown god.
  1671 | D:3      | Reached skill level 5 in Fighting
  1671 | D:3      | Reached XP level 4. HP: 30/39 MP: 4/4
  1804 | D:3      | Noticed Sigmund
  1863 | D:4      | Noticed a phantom
  1875 | D:4      | Killed a phantom
  1876 | D:4      | Reached XP level 5. HP: 28/46 MP: 5/5
  1884 | D:4      | Reached skill level 6 in Fighting
  2077 | D:4      | Found a staircase to the Ecumenical Temple.
  2100 | Temple   | Entered the Ecumenical Temple
  2400 | Temple   | Became a worshipper of Gozag Ym Sagoz the Greedy
  2869 | D:4      | Reached XP level 6. HP: 53/53 MP: 6/6
  3100 | D:4      | Mangled by an iguana

Illustrated notes

Levels and vault maps discovered:
D:1:      onia_arrival_pyramid, layout_basic,
          dreamdust_ecumenical_altar_statues, minmay_heptomino_l4
D:2:      layout_basic, kennysheep_donut
D:3:      layout_basic, uniq_crazy_yiuf_cottage, uniq_sigmund
D:4:      layout_basic, minmay_temple_entry_nine_rooms, minmay_between
Temple:   bh_familiar_temple

Skill      XL: |  1  2  3  4  5 |
---------------+----------------+-----
Fighting       | 4 5 6 |  6.8
Polearms       | |  2.4
Dodging        | |  2.4
Stealth        | |  1.5

Action                   |  1- 3 |  4- 6 || total
-------------------------+-------+-------++-------
Melee: Spear             |    83 |       ||    83
       Quarterstaff      |     7 |       ||     7
       Punch             |     1 |       ||     1
 Fire: Shortbow          |    15 |    85 ||   100
  Use: Scroll            |       |     4 ||     4
 Stab: Sleeping          |     7 |       ||     7
Armor: Robe              |     9 |       ||     9
       Ring mail         |     5 |    41 ||    46
Dodge: Dodged            |    54 |    52 ||   106
